% Time on Ice - KANSAS CITY KILLERBEES
Lines # - Real PCT - Wanted PCT - Time Play
Normal Forward
1 - 32% - 36% - 15:02
2 - 33% - 31% - 15:33
3 - 23% - 23% - 10:47
4 - 13% - 10% - 6:10
Normal Defense
1 - 32% - 36% - 15:03
2 - 32% - 31% - 15:15
3 - 18% - 23% - 8:47
4 - 18% - 10% - 8:27
PP Forward
1 - 45% - 55% - 1:09
2 - 55% - 45% - 1:24
PP Defense
1 - 65% - 55% - 1:39
2 - 35% - 45% - 0:54
PK Forward
1 - 58% - 55% - 4:57
2 - 42% - 45% - 3:33
PK Defense
1 - 48% - 55% - 4:06
2 - 52% - 45% - 4:24
PK3 Forward
1 - 0% - 55%
2 - 0% - 45%
PK3 Defense
1 - 0% - 55%
2 - 0% - 45%
44 Forward
1 - 59% - 55% - 0:50
2 - 41% - 45% - 0:35
44 Defense
1 - 41% - 55% - 0:35
2 - 59% - 45% - 0:50
Last Minute Offensive  - 0:00
Last Minute Defensive  - 0:00
Total
Forward - 60:00
Defense - 60:00
% Time on Ice - VANCOUVER VOODOO
Lines # - Real PCT - Wanted PCT - Time Play
Normal Forward
1 - 32% - 33% - 15:16
2 - 32% - 32% - 15:12
3 - 24% - 22% - 11:30
4 - 12% - 13% - 5:34
Normal Defense
1 - 35% - 36% - 16:52
2 - 33% - 34% - 15:50
3 - 29% - 30% - 13:55
4 - 2% - 0% - 0:55
PP Forward
1 - 56% - 55% - 4:47
2 - 44% - 45% - 3:43
PP Defense
1 - 36% - 50% - 3:04
2 - 64% - 50% - 5:26
PK Forward
1 - 71% - 55% - 1:49
2 - 29% - 45% - 0:44
PK Defense
1 - 54% - 50% - 1:22
2 - 46% - 50% - 1:11
PK3 Forward
1 - 0% - 55%
2 - 0% - 45%
PK3 Defense
1 - 0% - 55%
2 - 0% - 45%
44 Forward
1 - 59% - 55% - 0:50
2 - 41% - 45% - 0:35
44 Defense
1 - 48% - 50% - 0:41
2 - 52% - 50% - 0:44
Last Minute Offensive  - 0:00
Last Minute Defensive  - 0:00
Total
Forward - 60:00
Defense - 60:00
Play-by-Play 1st period 0:01 of 1st period - Marcus Johansson wins face-off versus Yegor Sharangovich in neutral zone. 0:24 of 1st period - Shot by Mason Marchment. 0:24 of 1st period - Shot Misses the Net. 0:26 of 1st period - Shot by Mason Marchment. 0:26 of 1st period - Stopped by Samuel Montembeault without a rebound. 0:27 of 1st period - Cole Sillinger wins face-off versus Alexis Lafreniere in VANCOUVER VOODOO zone. 0:52 of 1st period - Shot by Cole Sillinger. 0:52 of 1st period - Shot Misses the Net. 0:56 of 1st period - Shot by Josh Anderson. 0:56 of 1st period - Goal by Josh Anderson - KANSAS CITY KILLERBEES : 0 - VANCOUVER VOODOO : 1. 0:57 of 1st period - Noel Acciari wins face-off versus Ryan Dzingel in neutral zone. 1:24 of 1st period - Shot by Noel Acciari. 1:24 of 1st period - Shot Misses the Net. 1:26 of 1st period - Shot by Brendan Lemieux. 1:26 of 1st period - Shot Blocked by Jacob Muzzin. 1:28 of 1st period - Shot by Noel Acciari. 1:28 of 1st period - Shot Hit the Post. 1:30 of 1st period - Shot by Patric Hornqvist. 1:30 of 1st period - Stopped by Ilya Samsonov without a rebound. 1:31 of 1st period - Buddy Robinson wins face-off versus Radek Faksa in KANSAS CITY KILLERBEES zone. 2:50 of 1st period - Shot by James van Riemsdyk. 2:50 of 1st period - Shot Misses the Net. 2:56 of 1st period - Shot by Mason Marchment. 2:56 of 1st period - Shot Blocked by Sebastien Aho. 3:03 of 1st period - Icing by Sebastien Aho. 3:04 of 1st period - Alexis Lafreniere wins face-off versus Marcus Johansson in VANCOUVER VOODOO zone. 3:13 of 1st period - Shot by Zach Aston-Reese. 3:13 of 1st period - Stopped by Samuel Montembeault without a rebound. 3:14 of 1st period - Cole Sillinger wins face-off versus Ryan Dzingel in VANCOUVER VOODOO zone. 4:09 of 1st period - Off-side. 4:10 of 1st period - Noel Acciari wins face-off versus Alexis Lafreniere in neutral zone. 4:19 of 1st period - Icing by Jacob Muzzin. 4:20 of 1st period - Marcus Johansson wins face-off versus Alexis Lafreniere in KANSAS CITY KILLERBEES zone. 4:21 of 1st period - Shot by Josh Bailey. 4:21 of 1st period - Goal by Josh Bailey - KANSAS CITY KILLERBEES : 0 - VANCOUVER VOODOO : 2. 4:22 of 1st period - Noel Acciari wins face-off versus Yegor Sharangovich in neutral zone. 5:16 of 1st period - Shot by Josh Bailey. 5:16 of 1st period - Shot Misses the Net. 5:25 of 1st period - Off-side. 5:26 of 1st period - Cole Sillinger wins face-off versus Alexis Lafreniere in neutral zone. 5:43 of 1st period - Icing by Mike Reilly. 5:44 of 1st period - Cole Sillinger wins face-off versus Ryan Dzingel in VANCOUVER VOODOO zone. 5:44 of 1st period - Cole Sillinger is hit by MacKenzie Entwistle. 6:18 of 1st period - Shot by Ryan Dzingel. 6:18 of 1st period - Shot Misses the Net. 6:20 of 1st period - Shot by Anders Bjork. 6:20 of 1st period - Stopped by Samuel Montembeault without a rebound. 6:21 of 1st period - Marcus Johansson wins face-off versus Alexis Lafreniere in VANCOUVER VOODOO zone. 6:29 of 1st period - Off-side. 6:30 of 1st period - Alexis Lafreniere wins face-off versus Marcus Johansson in neutral zone. 6:37 of 1st period - Shot by Alexis Lafreniere. 6:37 of 1st period - Shot Blocked by Matthew Grzelcyk. 6:47 of 1st period - Shot by Marcus Johansson. 6:47 of 1st period - Stopped by Ilya Samsonov without a rebound. 6:48 of 1st period - Noel Acciari wins face-off versus Yegor Sharangovich in KANSAS CITY KILLERBEES zone. 7:18 of 1st period - Shot by Patric Hornqvist. 7:18 of 1st period - Shot Misses the Net. 7:20 of 1st period - Shot by Brendan Lemieux. 7:20 of 1st period - Stopped by Ilya Samsonov without a rebound. 7:21 of 1st period - Marcus Johansson wins face-off versus Alexis Lafreniere in KANSAS CITY KILLERBEES zone. 7:32 of 1st period - Shot by Alexis Lafreniere. 7:32 of 1st period - Stopped by Samuel Montembeault without a rebound. 7:33 of 1st period - Buddy Robinson wins face-off versus Radek Faksa in VANCOUVER VOODOO zone. 8:37 of 1st period - Shot by Zach Aston-Reese. 8:37 of 1st period - Stopped by Samuel Montembeault without a rebound. 8:38 of 1st period - Yegor Sharangovich wins face-off versus Cole Sillinger in VANCOUVER VOODOO zone. 8:43 of 1st period - Shot by Yegor Sharangovich. 8:43 of 1st period - Deflect By James van Riemsdyk. 8:43 of 1st period - Shot Misses the Net. 8:45 of 1st period - Shot by Will Butcher. 8:45 of 1st period - Shot Misses the Net. 8:59 of 1st period - Shot by Yegor Sharangovich. 8:59 of 1st period - Shot Blocked by Brett Kulak. 9:01 of 1st period - Shot by Mason Marchment. 9:01 of 1st period - Stopped by Samuel Montembeault with a rebound. 9:03 of 1st period - Shot by Yegor Sharangovich. 9:03 of 1st period - Stopped by Samuel Montembeault with a rebound. 9:05 of 1st period - Shot by Mason Marchment. 9:05 of 1st period - Shot Blocked by Sebastien Aho. 9:07 of 1st period - Shot by Yegor Sharangovich. 9:07 of 1st period - Shot Misses the Net. 10:12 of 1st period - Icing by Cam Fowler. 10:13 of 1st period - Marcus Johansson wins face-off versus MacKenzie Entwistle in KANSAS CITY KILLERBEES zone. 10:14 of 1st period - Shot by Josh Bailey. 10:14 of 1st period - Stopped by Ilya Samsonov with a rebound. 10:34 of 1st period - Icing by Cam Fowler. 10:35 of 1st period - Noel Acciari wins face-off versus Ryan Dzingel in KANSAS CITY KILLERBEES zone. 10:45 of 1st period - Minor Penalty to MacKenzie Entwistle for Goalie Interference. 10:46 of 1st period - Marcus Johansson wins face-off versus Mason Marchment in KANSAS CITY KILLERBEES zone. 11:17 of 1st period - Shot by Dominik Kubalik. 11:17 of 1st period - Shot Misses the Net. 12:11 of 1st period - Shot by Mason Marchment. 12:11 of 1st period - Stopped by Samuel Montembeault without a rebound. 12:12 of 1st period - Marcus Johansson wins face-off versus James van Riemsdyk in VANCOUVER VOODOO zone. 12:17 of 1st period - Shot by Dominik Kubalik. 12:17 of 1st period - Stopped by Ilya Samsonov without a rebound. 12:18 of 1st period - Marcus Johansson wins face-off versus Mason Marchment in KANSAS CITY KILLERBEES zone. 12:58 of 1st period - Patric Hornqvist is hit by Jacob Muzzin and loses puck. 13:06 of 1st period - Noel Acciari is hit by Jacob Muzzin and loses puck. 13:11 of 1st period - Shot by Patric Hornqvist. 13:11 of 1st period - Stopped by Ilya Samsonov without a rebound. 13:11 of 1st period - Minor Penalty to Jakub Zboril for Hooking. 13:12 of 1st period - James van Riemsdyk wins face-off versus Cole Sillinger in KANSAS CITY KILLERBEES zone. 14:16 of 1st period - Shot by Dominik Kubalik. 14:16 of 1st period - Stopped by Ilya Samsonov without a rebound. 14:17 of 1st period - Cole Sillinger wins face-off versus James van Riemsdyk in KANSAS CITY KILLERBEES zone. 14:22 of 1st period - Shot by Anthony Beauvillier. 14:22 of 1st period - Shot Blocked by Will Butcher. 14:24 of 1st period - Shot by Anthony Beauvillier. 14:24 of 1st period - Stopped by Ilya Samsonov without a rebound. 14:25 of 1st period - Marcus Johansson wins face-off versus Mason Marchment in KANSAS CITY KILLERBEES zone. 14:42 of 1st period - Yegor Sharangovich is hit by Dominik Kubalik and loses puck. 14:47 of 1st period - Shot by Dominik Kubalik. 14:47 of 1st period - Stopped by Ilya Samsonov without a rebound. 14:48 of 1st period - Mason Marchment wins face-off versus Anthony Beauvillier in KANSAS CITY KILLERBEES zone. 15:01 of 1st period - Mason Marchment is hit by Cole Sillinger and loses puck. 16:08 of 1st period - Icing by Brett Kulak. 16:09 of 1st period - Marcus Johansson wins face-off versus Jake Lucchini in VANCOUVER VOODOO zone. 16:11 of 1st period - Icing by Anthony Beauvillier. 16:12 of 1st period - Anthony Beauvillier wins face-off versus Yegor Sharangovich in VANCOUVER VOODOO zone. 16:12 of 1st period - Anthony Beauvillier is hit by Mason Marchment. 17:26 of 1st period - Shot by Josh Anderson. 17:26 of 1st period - Shot Blocked by Will Butcher. 17:28 of 1st period - Shot by Josh Anderson. 17:28 of 1st period - Shot Misses the Net. 17:30 of 1st period - Shot by Mike Reilly. 17:30 of 1st period - Deflect By Josh Anderson. 17:30 of 1st period - Stopped by Ilya Samsonov without a rebound. 17:31 of 1st period - Radek Faksa wins face-off versus Alexis Lafreniere in KANSAS CITY KILLERBEES zone. 17:40 of 1st period - Shot by Tyler Johnson. 17:40 of 1st period - Shot Misses the Net. 17:42 of 1st period - Shot by Jacob Muzzin. 17:42 of 1st period - Shot Misses the Net. 17:44 of 1st period - Shot by Zach Aston-Reese. 17:44 of 1st period - Stopped by Samuel Montembeault without a rebound. 17:45 of 1st period - Noel Acciari wins face-off versus Buddy Robinson in VANCOUVER VOODOO zone. 18:10 of 1st period - Icing by Brendan Lemieux. 18:11 of 1st period - Noel Acciari wins face-off versus Yegor Sharangovich in VANCOUVER VOODOO zone. 18:11 of 1st period - Noel Acciari is hit by Mason Marchment. 18:50 of 1st period - Shot by Yegor Sharangovich. 18:50 of 1st period - Deflect By Mason Marchment. 18:50 of 1st period - Stopped by Samuel Montembeault without a rebound. 18:51 of 1st period - Marcus Johansson wins face-off versus Alexis Lafreniere in VANCOUVER VOODOO zone. 18:51 of 1st period - Marcus Johansson is hit by Zach Aston-Reese. 18:57 of 1st period - Shot by Josh Bailey. 18:57 of 1st period - Stopped by Ilya Samsonov with a rebound. Goals for this period are 0 for KANSAS CITY KILLERBEES vs 2 for VANCOUVER VOODOO. Shots for this period are 10 for KANSAS CITY KILLERBEES vs 13 for VANCOUVER VOODOO. 2nd period 0:01 of 2nd period - Marcus Johansson wins face-off versus Yegor Sharangovich in neutral zone. 0:11 of 2nd period - Shot by Mason Marchment. 0:11 of 2nd period - Shot Misses the Net. 0:13 of 2nd period - Shot by Yegor Sharangovich. 0:13 of 2nd period - Stopped by Samuel Montembeault without a rebound. 0:14 of 2nd period - Cole Sillinger wins face-off versus Anders Bjork in VANCOUVER VOODOO zone. 0:14 of 2nd period - Cole Sillinger is hit by MacKenzie Entwistle. 0:31 of 2nd period - Brendan Gallagher is hit by Cam Fowler and loses puck. 1:07 of 2nd period - Anthony Beauvillier is hit by K'Andre Miller and loses puck. 1:10 of 2nd period - Shot by Anthony Beauvillier. 1:10 of 2nd period - Stopped by Ilya Samsonov without a rebound. 1:11 of 2nd period - Yegor Sharangovich wins face-off versus Marcus Johansson in KANSAS CITY KILLERBEES zone.